 Dungeon Crawl Stone Soup version 0.29.1-15-g9cfb28693d (webtiles) character file.

Game seed: 12329789712931292490

520626 octoduck the Warrior (level 24, -3/180 HPs)
             Began as a Demonspawn Transmuter on Mar 16, 2023.
             Was an Initiate of Gozag.
             Slain by a green draconian monk (11 damage)
             ... on level 1 of the Realm of Zot on Mar 3, 2024.
             The game lasted 06:27:43 (107683 turns).

octoduck the Warrior (Demonspawn Transmuter)      Turns: 107683, Time: 06:27:47

Health: -3/180     AC:  7    Str: 21    XL:     24   Next: 9%
Magic:  0/48       EV: 22    Int: 19    God:    Gozag
Gold:   11873      SH:  0    Dex: 22    Spells: 2/47 levels left

rFire   + . .      SeeInvis .     - Unarmed
rCold   + + +      Faith    .   (shield currently unavailable)
rNeg    . . .      Spirit   +   c - +2 ring mail {rC+}
rPois   +          Reflect  .   (helmet unavailable)
rElec   .          Harm     .   a - +1 cloak of the Illusory Mouths {rPois Str+2}
rCorr   .          Rampage  .   (gloves currently unavailable)
Will    +....                   I - +2 pair of boots
Stlth   ++++++....              r - amulet "Dofoxug" {Spirit rF+ Dex+3 Stlth+}
HPRegen 0.40/turn               P - ring of wizardry
MPRegen 0.31/turn               M - ring of Ukhlururph {Fly rC++ MP+9 Int+6}

@: blade hands, corroded, gold aura, flying, studying 2 skills
A: horns 3, thin skeletal structure 2, foul stench 3, icemail 2, condensation
shield, corrupting presence 2, clumsy 1, deformed body, deterioration 1, dopey
1, frail 1
}: 3/15 runes: decaying, slimy, gossamer
a: End Transformation, Renounce Religion, Potion Petition, Call Merchant, Bribe
Branch


You were on level 1 of the Realm of Zot.
You worshipped Gozag.
Gozag was extremely pleased with you.
You had blades for hands.
You visited 10 branches of the dungeon, and saw 47 of its levels.
You visited 1 bazaar.
You also visited: Gauntlet and Ice Cave.

You collected 25323 gold pieces.
You spent 2118 gold pieces at shops.
You paid 11332 gold pieces to Gozag.

Inventory:

Missiles
 B - 2 throwing nets
 S - 10 silver javelins (quivered)
Armour
 a - the +1 cloak of the Illusory Mouths (worn) {rPois Str+2}
   (You found it on level 2 of the Swamp)

   Str:       It affects your strength (+2).
   rPois:     It protects you from poison.
 c - a +2 ring mail of cold resistance (worn)
 i - the +1 pair of gloves "Busen" (melded) {Will+++}
   (You acquired it on level 1 of the Swamp)

   Will:      It greatly increases your willpower.
 s - a +0 kite shield of reflection (melded)
 I - a +2 pair of boots (worn)
Jewellery
 f - a ring of see invisible
 r - the amulet "Dofoxug" (around neck) {Spirit rF+ Dex+3 Stlth+}
   (You took it off a deep elf blademaster on level 3 of the Elven Halls)

   [amulet of guardian spirit]

   It causes incoming damage to be divided between your reserves of health and
   magic.
   Dex:       It affects your dexterity (+3).
   rF:        It protects you from fire.
   Stlth:     It makes you more stealthy.
 C - the ring of the Bursted God {rC+ rCorr Slay+2}
   (You took it off a deep elf pyromancer on level 3 of the Elven Halls)

   [ring of protection from cold]

   Slay:      It affects your accuracy & damage with ranged weapons and melee
   (+2).
   rC:        It protects you from cold.
   rCorr:     It protects you from acid and corrosion.
 E - the ring "Laubem" {Will+ Str+4 Dex+4}
   (You took it off a deep elf high priest on level 3 of the Elven Halls)

   [ring of willpower]

   Str:       It affects your strength (+4).
   Dex:       It affects your dexterity (+4).
   Will:      It increases your willpower.
 M - the ring of Ukhlururph (right blade hand) {Fly rC++ MP+9 Int+6}
   (You took it off a tengu warrior on level 3 of the Depths)

   [ring of intelligence]

   Int:       It affects your intelligence (+6).
   rC:        It greatly protects you from cold.
   MP:        It affects your magic capacity (+9).
   Fly:       It grants you flight.
 P - a ring of wizardry (left blade hand)
 X - the ring of Geoneq {Fly rElec rC+ Int+2}
   (You found it on level 5 of the Pits of Slime)

   [ring of protection from cold]

   Int:       It affects your intelligence (+2).
   rC:        It protects you from cold.
   rElec:     It insulates you from electricity.
   Fly:       It grants you flight.
Wands
 n - a wand of mindburst (27)
 t - a wand of charming (9)
 y - a wand of light (24)
 G - a wand of digging (42)
 J - a wand of polymorph (20)
 K - a wand of flame (35)
 W - a wand of iceblast (11)
Scrolls
 d - 2 scrolls of silence
 h - 3 scrolls of magic mapping
 l - 16 scrolls of teleportation
 p - 12 scrolls of poison
 q - 2 scrolls of brand weapon
 v - 10 scrolls of blinking
 w - a scroll of summoning
 z - 4 scrolls of fog
 A - a scroll of enchant weapon
 D - 2 scrolls of enchant armour
 L - 2 scrolls of amnesia
 N - a scroll of vulnerability
 O - 4 scrolls of fear
Potions
 e - 14 potions of curing
 g - 2 potions of resistance
 j - 8 potions of heal wounds
 k - 6 potions of flight
 o - 6 potions of brilliance
 u - 6 potions of magic
 H - 6 potions of cancellation
 R - 11 potions of haste
 T - 9 potions of ambrosia
 U - 11 potions of might
 V - 5 potions of invisibility
Miscellaneous
 m - a condenser vane
 x - a lightning rod (4/4)
 F - a tin of tremorstones (2/2)


   Skills:
 + Level 18.8 Fighting
 - Level 6.0 Armour
 - Level 14.7 Dodging
 - Level 5.0 Stealth
 - Level 10.0 Shields
 - Level 18.0 Unarmed Combat
 - Level 12.2 Spellcasting
 - Level 4.5 Conjurations
 - Level 6.7 Hexes
 * Level 11.0 Summonings
 - Level 12.3 Translocations
 + Level 16.3 Transmutations
 - Level 4.6 Ice Magic
 + Level 8.7 Earth Magic
 - Level 5.1 Evocations


You had 2 spell levels left.
You knew the following spells:

 Your Spells              Type           Power      Damage    Failure   Level
a - Yara's Violent Unrav  Hex/Tmut       26%        3d11      9%          5
b - Wereblood             Tmut           65%        N/A       1%          2
c - Statue Form           Tmut/Erth      37%        N/A       19%         6
d - Irradiate             Conj/Tmut      25%        3d20      12%         5
e - Blade Hands           Tmut           32%        N/A       4%          5
f - Dragon Form           Tmut           32%        N/A       21%         7
g - Manifold Assault      Tloc           55%        N/A       8%          5
h - Lesser Beckoning      Tloc           55%        N/A       3%          3
i - Malign Gateway        Summ/Tloc      27%        N/A       58%         7

Your spell library contained the following spells:

 Spells                   Type           Power      Damage    Failure   Level
 Beastly Appendage        Tmut           100%       N/A       1%          1
 Apportation              Tloc           100%       N/A       2%          1
 Summon Small Mammal      Summ           100%       N/A       2%          1
 Blink                    Tloc           100%       N/A       2%          2
 Passwall                 Tmut/Erth      46%        N/A       2%          2
 Sandblast                Erth           88%        2d18      4%          1
 Slow                     Hex            100%       N/A       4%          1
 Sting                    Tmut/Pois      100%       1d8       4%          1
 Static Discharge         Conj/Air       20%        3-6/arc   14%         2
 Necrotise                Necr           44%        1d6       21%         1
 Poisonous Vapours        Pois/Air       22%        N/A       26%         2
 Call Canine Familiar     Summ           52%        N/A       4%          3
 Portal Projectile        Hex/Tloc       94%        N/A       4%          3
 Passage of Golubria      Tloc           55%        N/A       4%          4
 Petrify                  Tmut/Erth      56%        N/A       4%          4
 Spider Form              Tmut/Pois      42%        N/A       6%          3
 Ice Form                 Ice/Tmut       51%        N/A       7%          4
 Confusing Touch          Hex            37%        N/A       9%          3
 Stone Arrow              Conj/Erth      74%        3d11      9%          3
 Tukima's Dance           Hex            37%        N/A       9%          3
 Summon Forest            Summ/Tloc      27%        N/A       9%          5
 Dazzling Flash           Conj/Hex       66%        N/A       10%         3
 Iskenderun's Mystic Bla  Conj/Tloc      43%        2d10      10%         4
 Frozen Ramparts          Ice            58%        1d9       12%         3
 Ozocubu's Armour         Ice            29%        N/A       12%         3
 Leda's Liquefaction      Hex/Erth       20%        N/A       12%         4
 Cause Fear               Hex            18%        N/A       16%         4
 Lee's Rapid Deconstruct  Erth           22%        3d13*     16%         5
 Alistair's Intoxication  Tmut/Pois      28%        N/A       19%         5
 Dispersal                Tloc           27%        N/A       19%         6
 Conjure Flame            Conj/Fire      20%        6-21      21%         3
 Hailstorm                Conj/Ice       29%        3d8       26%         4
 Summon Cactus Giant      Summ           26%        N/A       26%         6
 Vampiric Draining        Necr           11%        2d6       38%         3
 Flame Wave               Conj/Fire      20%        2d7       43%         4
 Sticky Flame             Conj/Fire      20%        2d4       43%         4
 Borgnjor's Vile Clutch   Necr/Erth      14%        N/A       45%         5
 Iskenderun's Battlesphe  Conj           29%        2d8       45%         5
 Dispel Undead            Necr           11%        3d9       67%         4
 Olgreb's Toxic Radiance  Pois           11%        N/A       67%         4
 Iron Shot                Conj/Erth      18%        9d4       67%         6
 Lightning Bolt           Conj/Air       10%        1d23      69%         5
 Storm Form               Tmut/Air       21%        N/A       91%         7
 Disjunction              Tloc           27%        N/A       96%         8
 Conjure Ball Lightning   Conj/Air       10%        3x3d6     98%         6
 Starburst                Conj/Fire      10%        6d5       98%         6
 Ozocubu's Refrigeration  Ice            14%        4d10      100%        7
 Maxwell's Capacitive Co  Air            5%         ∞         100%        8
 Dragon's Call            Summ           26%        N/A       100%        9
 Fire Storm               Conj/Fire      10%        8d3       100%        9
 Corpse Rot               Necr/Pois/Air  Unusable   N/A       N/A         4
 Simulacrum               Ice/Necr       Unusable   N/A       N/A         6

Dungeon Overview and Level Annotations

Branches:
Dungeon (15/15)            Temple (0/1) D:6            Lair (5/5) D:8
  Swamp (4/4) Lair:2       Spider (4/4) Lair:3        Slime (5/5) Lair:5
    Orc (2/2) D:10            Elf (3/3) Orc:2        Vaults (4/5) D:14
  Crypt (0/3) Vaults:2     Depths (4/4) D:15            Zot (1/5) Depths:4
  IceCv (visited)         Gauntlet (visited)

Altars:
Dithmenos
Fedhas
Gozag
Qazlal
Sif Muna
Trog
Vehumet
Wu Jian
Jiyva

Shops:
D:4 (   D:13 ?   Orc:1 (   Orc:2 (*:*   Elf:1 *   Depths:1 ::   Depths:2 :*
Depths:3 !

Portals:
Hell: Depths:1 Depths:2 Depths:3 Depths:4
Abyss: Depths:3
Pandemonium: Depths:1 Depths:2 Depths:4
Ziggurat: Depths:2

Annotations:
Swamp:3 exclusion: door
Elf:2 3 runed translucent doors
Depths:1 3 runed translucent doors


Innate Abilities, Weirdness & Mutations

You have blades for hands.
Your spellcasting is less reliable in this form.
You are incapable of wielding weapons or throwing items.
You have a pair of large horns on your head.
You have a moderately thin skeletal structure. (Dex +4, Stealth++)
You frequently emit foul miasma when damaged in melee.
A meltable icy envelope protects you from harm. (AC +0)
A meltable shield of frost defends you. (SH +0)
Your presence sometimes corrodes or deforms those you injure.
You are clumsy. (Dex -2)
Armour fits poorly on your strangely shaped body.
Your body sometimes deteriorates upon taking damage.
You are dopey. (Int -2)
You are frail. (-10% HP)


Message History

A green draconian monk comes into view.
You hit the green draconian monk.
The green draconian monk is lightly wounded.
The eldritch tentacle writhes!
The moth of wrath goads the green draconian monk on!
The green draconian monk goes berserk!
The yellow draconian barely misses you.
A red draconian comes into view. It is wielding a +0 scimitar.
The white draconian is distracted by your dazzling golden aura.
The green draconian monk barely misses you.
The green draconian monk kicks you but does no damage.
The green draconian monk closely misses you.
The green draconian monk tail-slaps you.
A moth of wrath comes into view.
The green draconian monk attacks as you move away!
The green draconian monk hits you!!
You emit a cloud of foul miasma!
The green draconian monk kicks you!!
The green draconian monk barely misses you. x2
A tentacled monstrosity comes into view.
The white draconian roars!
The white draconian is no longer distracted by gold.
The eldritch tentacle writhes!
You hear a roar!
The moth of wrath is distracted by your dazzling golden aura.
The yellow draconian is distracted by your dazzling golden aura.
The red draconian breathes fire at you. The searing blast hits you!!
Your icy defenses dissipate!
You resist.
* * * LOW HITPOINT WARNING * * *
The tentacled monstrosity closely misses you.
The tentacled monstrosity tentacle-slaps you.
* * * LOW HITPOINT WARNING * * *
The tentacled monstrosity tentacle-slaps you.
* * * LOW HITPOINT WARNING * * *
The tentacled monstrosity barely misses you.
The green draconian monk hits you!!
* * * LOW HITPOINT WARNING * * *
The green draconian monk kicks you!
You die...
Your body crumbles into a pile of gold.

..y# #...#...##
....##...#..y.###
#X......##w.....##
#.........*......
#.....$.....#
...######y$$#$.####
........§$.....#
.....###.q...#.....#
#...∩@#§..#......
##....Xdd#...##...
##)...#.##..# #.
#..d.#d# ...#
###..#.# #..# ##...#
#.. ... #...


You could see a tentacled monstrosity, a green draconian monk (berserk, slow), a
yellow draconian (unaware), a red draconian (catching breath), a white
draconian, 2 moths of wrath and a neutral eldritch tentacle (distracted).

Vanquished Creatures
  the Royal Jelly (Slime:5)
  A juggernaut (Depths:3)
  Saint Roka (Depths:4)
  Margery (Depths:3)
  2 caustic shrikes (Depths:3)
  Nikola (Spider:1)
  Jory (Depths:2)
  Rupert (Spider:1)
  2 tentacled monstrosities
  A lich (Depths:3)
  Asterion (Lair:3)
  A deep elf master archer (Elf:3)
  2 deep elf blademasters (Elf:3)
  20 acid blobs
  3 quicksilver dragons (Depths:4)
  4 sphinxes
  6 tengu reavers
  A thorn hunter (Swamp:2)
  3 storm dragons
  Donald (Orc:2)
  13 rockslimes
  A fenstrider witch (Swamp:2)
  12 deep elf sorcerers
  Roxanne (Spider:3)
  7 frost giants
  12 azure jellies
  5 emperor scorpions
  12 fire giants
  16 vault wardens
  3 ghost moths (Spider:4)
  A draconian shifter (Depths:4)
  2 orc warlords
  2 curse skulls
  Aizul (Swamp:4)
  6 deep elf elementalists (Elf:3)
  3 ghouls (Swamp:1)
  16 ironbound preservers
  A spriggan defender (Depths:2)
  11 stone giants
  A war gargoyle (Vaults:1)
  11 quicksilver oozes
  8 ironbound thunderhulks
  33 very ugly things
  3 eleionomae
  2 broodmothers
  2 vampire knights (Depths:3)
  2 green draconians (Depths:4)
  7 deep elf demonologists
  Azrael (Orc:2)
  4 deep elf annihilators
  2 purple draconians
  A bunyip (Swamp:3)
  5 entropy weavers
  7 spark wasps
  A yellow draconian (Zot:1)
  2 pale draconians (Depths:4)
  A white draconian (Zot:1)
  6 dire elephants (Vaults:3)
  5 deep elf death magi
  3 crystal guardians
  A minotaur (Gauntlet)
  A merfolk impaler (Depths:2)
  Snorg (Orc:1)
  Josephine (D:14)
  5 ettins
  11 fire dragons
  3 shambling mangroves
  2 deep elf high priests (Elf:3)
  8 yaktaur captains
  22 hydras
  11 great orbs of eyes
  2 caustic shrike simulacra (IceCv)
  11 boulder beetles
  13 vault guards
  A jorogumo (Spider:2)
  5 rakshasas
  2 peacekeepers
  10 spriggan air magi
  5 ice dragons
  Erolcha (D:12)
  A merfolk avatar (Lair:5)
  9 two-headed ogres
  A hell beast (Depths:2)
  7 ironbound frosthearts
  An ogre mage (D:15)
  10 centaur warriors
  7 radroaches
  11 dancing weapons
  2 ghost crabs
  7 deep troll shamans
  12 alligators
  A death knight (D:13)
  7 tengu warriors
  3 vampire magi
  3 death yaks (Lair:2)
  5 orc high priests
  3 spriggan berserkers
  10 deep troll earth magi
  10 hell knights
  Sonja (D:13)
  9 deep elf knights
  A salamander mystic (Depths:1)
  10 iron trolls
  10 pharaoh ants
  6 skeletal warriors
  A storm dragon skeleton (Depths:1)
  Lodul (D:11)
  A sea snake (Lair:5)
  5 sun moths
  3 goliath frogs
  16 swamp dragons
  9 orb spiders
  5 glowing orange brains
  6 spriggan druids
  15 steelbarb worms
  13 bog bodies
  11 deep elf archers
  6 ironbound convokers
  2 orange crystal statues (IceCv)
  73 deep trolls
  6 harpies
  A harpy (shapeshifter) (D:14)
  14 lindwurms
  A spriggan simulacrum (D:15)
  7 orc knights
  7 wizards
  A phantasmal warrior (D:13)
  21 deep elf zephyrmancers
  10 wolf spiders
  6 cyclopes
  3 manticores
  33 deep elf pyromancers
  3 oklob plants (Lair:5)
  2 orc sorcerers
  6 necromancers
  7 will-o-the-wisps
  3 salamanders (Depths:1)
  8 shining eyes
  23 ugly things
  A rust devil (Depths:1)
  A worldbinder (Gauntlet)
  6 moths of wrath
  18 elephants
  An iron dragon skeleton (Depths:1)
  A smoke demon (Depths:2)
  An ice statue (Gauntlet)
  7 spectral spriggans (Swamp:1)
  7 orange demons
  17 cane toads
  7 black mambas
  5 eyes of devastation
  14 vault sentinels
  4 centaur skeletons (D:14)
  6 torpor snails
  A hellion (Depths:1)
  47 yaktaurs
  2 unseen horrors
  10 rime drakes
  6 komodo dragons
  2 kobold demonologists
  An efreet (D:13)
  12 demonic crawlers
  3 anaconda simulacra
  3 golden dragon simulacra
  11 freezing wraiths
  A red devil (Depths:1)
  5 tengu conjurers
  A silent spectre (Vaults:2)
  8 trolls
  2 bloated husks
  5 meliai
  A spriggan skeleton (Depths:1)
  3 polar bears
  A wind drake (Lair:5)
  2 snapping turtles (Lair:5)
  5 tyrant leeches
  A slime creature (shapeshifter) (Vaults:3)
  Prince Ribbit (D:7)
  99 slime creatures
  15 tarantellas
  7 dream sheep (Lair:3)
  23 blink frogs
  16 hornets
  2 air elementals (Elf:1)
  2 vampires
  26 jumping spiders
  A spriggan (shapeshifter) (D:14)
  4 wraiths
  19 culicivoras
  8 flying skulls (Gauntlet)
  16 water elementals
  Sigmund (D:6)
  A shadow (D:11)
  The ghost of sigtrap the Shooter, an amateur SpHu of the Shining One (D:5)
  45 yaks
  2 dire elephant simulacra (IceCv)
  9 spriggans
  4 wyverns
  Eustachio (D:5)
  5 fire elementals
  4 basilisks
  A neqoxec (Depths:1)
  6 vampire mosquitoes
  8 steam dragons
  20 golden eyes
  A chaos spawn (Depths:1)
  Grum (D:9)
  47 redbacks
  2 minotaur simulacra (D:15)
  2 wargs
  Menkaure (D:5)
  A human zombie (Depths:1)
  A harpy simulacrum (D:15)
  16 swamp worms
  2 hydra simulacra (IceCv)
  5 hell hounds (Orc:1)
  20 water moccasins
  3 floating eyes
  A black bear (D:8)
  2 ettin simulacra (IceCv)
  An ice beast (D:8)
  12 swamp drakes
  A sky beast (D:7)
  3 alligator simulacra
  17 ogres
  26 orc warriors
  11 wolves
  7 boggarts
  18 centaurs
  7 kobold brigands
  Blork the orc (D:5)
  10 bullfrogs
  5 gnoll sergeants
  3 earth elementals
  5 scorpions
  A deep troll simulacrum (D:15)
  4 wights (D:8)
  11 killer bees
  3 lindwurm simulacra (IceCv)
  4 electric eels
  12 jellies
  Crazy Yiuf (D:2)
  3 hounds
  35 orc priests
  2 gnoll boudas (D:7)
  3 iguanas
  Ijyb (D:3)
  30 orc wizards
  12 hell rats (Lair:4)
  Robin (D:4)
  27 gnolls
  11 adders
  2 shadow imps
  4 white imps
  An ufetubus (D:5)
  A worm (D:4)
  3 dart slugs
  66 orcs
  6 ball pythons
  7 bats
  4 endoplasms
  5 giant cockroaches
  15 goblins
  8 hobgoblins
  3 jackals (D:1)
  37 kobolds
  A quokka (D:3)
  6 frilled lizards
  A rat (D:1)
2017 creatures vanquished.

Vanquished Creatures (collateral kills)
  A golden dragon (Depths:4)
  2 tentacled monstrosities (Zot:1)
  A death cob (Zot:1)
  2 draconian knights
  A purple draconian (Depths:4)
  3 white draconians
  A fire dragon (Depths:4)
  3 ice dragons (Depths:4)
  A pharaoh ant (Spider:4)
15 creatures vanquished.

Vanquished Creatures (others)
  4 eldritch tentacles (Depths:4)
  A deep troll earth mage (Vaults:2)
  A deep elf pyromancer (Elf:1)
  2 bloated husks
  A meliai (Spider:4)
  A boggart (Vaults:2)
  2 orcs
  25 foxfires
  50 fungi
  129 plants
216 creatures vanquished.

Grand Total: 2248 creatures vanquished

Notes
Turn   | Place    | Note
-------+----------+-------------------------------------------
     0 | D:1      | octoduck the Demonspawn Transmuter began the quest for the
                  | Orb.
     0 | D:1      | Reached XP level 1. HP: 15/15 MP: 3/3
   444 | D:1      | Gained mutation: You may rarely emit foul miasma when
                  | damaged in melee. [demonic ancestry]
   444 | D:1      | Reached XP level 2. HP: 8/21 MP: 5/5
   617 | D:1      | Learned a level 2 spell: Wereblood
  1732 | D:2      | Found a faded altar of an unknown god.
  1792 | D:2      | Found a runed translucent door.
  1793 | D:2      | Noticed Crazy Yiuf
  1831 | D:2      | Reached XP level 3. HP: 26/26 MP: 4/6
  2990 | D:3      | Found an opulent altar of Gozag.
  3010 | D:3      | Became a worshipper of Gozag Ym Sagoz the Greedy
  3478 | D:3      | Reached XP level 4. HP: 28/32 MP: 4/7
  3539 | D:3      | Noticed Ijyb
  3560 | D:3      | Killed Ijyb
  4129 | D:3      | Identified the +5 shortbow "Jantof" {vorpal, Fly Dex+4}
  4803 | D:4      | Reached XP level 5. HP: 37/37 MP: 5/8
  4852 | D:4      | Noticed Robin
  4886 | D:4      | Killed Robin
  5339 | D:4      | Found Okor's Weapon Shoppe.
  5665 | D:4      | Learned a level 4 spell: Ice Form
  5679 | D:5      | Entered Level 5 of the Dungeon
  5679 | D:5      | Noticed Eustachio
  5696 | D:5      | Noticed Menkaure
  5714 | D:3      | Gained mutation: A meltable shield of frost defends you.
                  | (SH +0) [demonic ancestry]
  5714 | D:3      | Reached XP level 6. HP: 38/43 MP: 3/9
  5775 | D:5      | Noticed Blork the orc
  5970 | D:5      | Killed Eustachio
  6299 | D:5      | Identified the +1 robe "Viamn" {Int+2 Slay+2}
  6364 | D:5      | Gained mutation: You have a pair of small horns on your
                  | head. [demonic ancestry]
  6364 | D:5      | Reached XP level 7. HP: 44/48 MP: 10/10
  6400 | D:5      | Noticed a vampire mosquito
  6401 | D:5      | Noticed a vampire mosquito
  6430 | D:6      | Found a radiant altar of Vehumet.
  6444 | D:6      | Noticed Sigmund
  6540 | D:6      | Reached skill level 5 in Unarmed Combat
  7340 | D:6      | Reached XP level 8. HP: 50/54 MP: 11/11
  7458 | D:6      | Found a staircase to the Ecumenical Temple.
  7647 | D:6      | Killed Sigmund
  7704 | D:7      | Reached skill level 1 in Ice Magic
  7932 | D:7      | You fall into a shaft and drop 1 floor!
  8007 | D:8      | Gained mutation: You have a pair of horns on your head.
                  | [demonic ancestry]
  8007 | D:8      | Reached XP level 9. HP: 59/59 MP: 10/12
  8285 | D:7      | Noticed Prince Ribbit
  8629 | D:7      | Killed Prince Ribbit
  8630 | D:7      | Reached skill level 5 in Transmutations
  8692 | D:7      | Found a blossoming altar of Fedhas.
  9523 | D:7      | Reached skill level 10 in Unarmed Combat
  9959 | D:8      | Noticed a two-headed ogre
  9966 | D:8      | Gained mutation: You have a pair of large horns on your
                  | head. [demonic ancestry]
  9966 | D:8      | Reached XP level 10. HP: 48/70 MP: 9/13
 10091 | D:8      | Found a shadowy altar of Dithmenos.
 10510 | D:8      | Found a staircase to the Lair.
 10855 | D:8      | Killed a two-headed ogre
 11333 | D:8      | Reached skill level 5 in Fighting
 11919 | D:9      | Found a bloodstained altar of Trog.
 11981 | D:9      | Noticed Grum
 11995 | D:9      | Killed Grum
 12473 | D:10     | Entered Level 10 of the Dungeon
 12514 | D:10     | Gained mutation: A meltable icy envelope protects you from
                  | harm. (AC +0) [demonic ancestry]
 12514 | D:10     | Reached XP level 11. HP: 83/83 MP: 10/14
 12543 | D:10     | Found a staircase to the Orcish Mines.
 12871 | D:10     | Noticed a two-headed ogre
 12926 | Lair:1   | Entered Level 1 of the Lair of Beasts
 13166 | Lair:1   | Reached skill level 5 in Dodging
 14628 | Lair:2   | Noticed a four-headed hydra
 14633 | Lair:2   | Killed a four-headed hydra
 14634 | Lair:2   | Reached XP level 12. HP: 77/91 MP: 10/15
 15085 | Lair:2   | Noticed a death yak
 15087 | Lair:2   | Noticed a death yak
 15580 | Lair:3   | Reached skill level 10 in Dodging
 16181 | Lair:3   | Found a hole to the Spider Nest.
 16533 | Lair:4   | Noticed a five-headed hydra
 16910 | Lair:4   | Gained mutation: You have a somewhat thin skeletal
                  | structure. (Dex +2, Stealth+) [demonic ancestry]
 16910 | Lair:4   | Reached XP level 13. HP: 98/98 MP: 16/16
 17958 | Lair:5   | Entered Level 5 of the Lair of Beasts
 18229 | Lair:5   | Reached skill level 1 in Stealth
 18268 | Lair:5   | Found a gate leading to a gauntlet.
 18330 | Gauntlet | Entered a Gauntlet
 18330 | Gauntlet | Found a transporter.
 18330 | Gauntlet | Found a transporter.
 18468 | Gauntlet | Found a transporter.
 18480 | Gauntlet | Found a transporter.
 18498 | Gauntlet | Found a transporter.
 18498 | Gauntlet | Found a transporter.
 18500 | Gauntlet | Found a transporter.
 18500 | Gauntlet | Found a transporter.
 18501 | Gauntlet | Found a transporter.
 18513 | Gauntlet | Found a transporter.
 18528 | Gauntlet | Found a transporter.
 18536 | Gauntlet | Found a runed translucent door.
 18538 | Gauntlet | Found a transporter.
 18538 | Gauntlet | Noticed a blizzard demon
 18540 | Gauntlet | Found a runed translucent door.
 18552 | Gauntlet | Found a transporter.
 18585 | Gauntlet | Found a transporter.
 18616 | Gauntlet | Learned a level 5 spell: Yara's Violent Unravelling
 18684 | Gauntlet | Noticed a quicksilver ooze
 18685 | Gauntlet | a quicksilver ooze changed into a death yak
 18712 | Gauntlet | Noticed a minotaur
 18712 | Gauntlet | a death yak changed into a minotaur
 18714 | Gauntlet | Noticed a dire elephant
 18714 | Gauntlet | a minotaur changed into a dire elephant
 18716 | Gauntlet | Noticed a sphinx
 18716 | Gauntlet | a dire elephant changed into a sphinx
 18718 | Gauntlet | Noticed an azure jelly
 18718 | Gauntlet | a sphinx changed into an azure jelly
 18723 | Gauntlet | Noticed a quicksilver dragon
 18723 | Gauntlet | an azure jelly changed into a quicksilver dragon
 18724 | Gauntlet | Noticed an azure jelly
 18724 | Gauntlet | a quicksilver dragon changed into an azure jelly
 18726 | Gauntlet | Noticed a dire elephant
 18726 | Gauntlet | an azure jelly changed into a dire elephant
 18743 | Gauntlet | Noticed an azure jelly
 18743 | Gauntlet | a dire elephant changed into an azure jelly
 18749 | Gauntlet | Noticed a quicksilver dragon
 18749 | Gauntlet | an azure jelly changed into a quicksilver dragon
 18753 | Gauntlet | Noticed an eleionoma
 18753 | Gauntlet | a quicksilver dragon changed into an eleionoma
 18757 | Gauntlet | Noticed a frost giant
 18757 | Gauntlet | an eleionoma changed into a frost giant
 18758 | Gauntlet | Noticed an iron giant
 18758 | Gauntlet | a frost giant changed into an iron giant
 18764 | Gauntlet | Noticed a golden dragon
 18764 | Gauntlet | an iron giant changed into a golden dragon
 18765 | Gauntlet | Noticed an iron giant
 18765 | Gauntlet | a golden dragon changed into an iron giant
 18768 | Gauntlet | Noticed an acid blob
 18768 | Gauntlet | an iron giant changed into an acid blob
 18775 | Gauntlet | Noticed a shard shrike
 18775 | Gauntlet | an acid blob changed into a shard shrike
 18783 | Gauntlet | Noticed a rockslime
 18783 | Gauntlet | a shard shrike changed into a rockslime
 18788 | Gauntlet | Noticed a titan
 18788 | Gauntlet | a rockslime changed into a titan
 18791 | Gauntlet | Noticed a juggernaut
 18791 | Gauntlet | a titan changed into a juggernaut
 18792 | Gauntlet | Noticed a shard shrike
 18792 | Gauntlet | a juggernaut changed into a shard shrike
 18794 | Gauntlet | Noticed a juggernaut
 18794 | Gauntlet | a shard shrike changed into a juggernaut
 18796 | Gauntlet | Noticed a titan
 18796 | Gauntlet | a juggernaut changed into a titan
 18874 | Gauntlet | Reached skill level 1 in Hexes
 19032 | Gauntlet | Identified the amulet "Apuren" {Spirit rF- rC+++ Str+3
                  | Int+4}
 19033 | Gauntlet | Noticed a sphinx
 19034 | Gauntlet | Noticed a fire giant
 19034 | Gauntlet | a sphinx changed into a fire giant
 19075 | Gauntlet | Noticed an azure jelly
 19086 | Gauntlet | an azure jelly changed into a death yak
 19093 | Gauntlet | Noticed a minotaur
 19093 | Gauntlet | a death yak changed into a minotaur
 19098 | Gauntlet | Noticed a dire elephant
 19098 | Gauntlet | a minotaur changed into a dire elephant
 19100 | Gauntlet | Noticed an azure jelly
 19100 | Gauntlet | a dire elephant changed into an azure jelly
 19101 | Gauntlet | Noticed a minotaur
 19101 | Gauntlet | an azure jelly changed into a minotaur
 19103 | Gauntlet | Noticed an ettin
 19103 | Gauntlet | an ice dragon changed into an ettin
 19105 | Gauntlet | a minotaur changed into a catoblepas
 19107 | Gauntlet | Noticed a yellow draconian
 19107 | Gauntlet | a catoblepas changed into a yellow draconian
 19108 | Gauntlet | Noticed a minotaur
 19108 | Gauntlet | a yellow draconian changed into a minotaur
 19109 | Gauntlet | Noticed a storm dragon
 19109 | Gauntlet | a minotaur changed into a storm dragon
 19111 | Gauntlet | Noticed a quicksilver dragon
 19111 | Gauntlet | a storm dragon changed into a quicksilver dragon
 19112 | Gauntlet | Noticed an eleionoma
 19112 | Gauntlet | a quicksilver dragon changed into an eleionoma
 19116 | Gauntlet | Noticed a shadow dragon
 19116 | Gauntlet | an eleionoma changed into a shadow dragon
 19117 | Gauntlet | Noticed a caustic shrike
 19117 | Gauntlet | a shadow dragon changed into a caustic shrike
 19118 | Gauntlet | Noticed an iron giant
 19118 | Gauntlet | a caustic shrike changed into an iron giant
 19125 | Gauntlet | Noticed a caustic shrike
 19125 | Gauntlet | Noticed a golden dragon
 19125 | Gauntlet | a caustic shrike changed into a golden dragon
 19126 | Gauntlet | Noticed a shadow dragon
 19126 | Gauntlet | a golden dragon changed into a shadow dragon
 19190 | Gauntlet | Noticed an eleionoma
 19190 | Gauntlet | Noticed a quicksilver dragon
 19190 | Gauntlet | an eleionoma changed into a quicksilver dragon
 19197 | Gauntlet | Noticed a frost giant
 19197 | Gauntlet | a quicksilver dragon changed into a frost giant
 19200 | Gauntlet | a frost giant changed into a death yak
 19204 | Gauntlet | Noticed a bunyip
 19204 | Gauntlet | an alligator changed into a bunyip
 19212 | Gauntlet | Noticed a frost giant
 19214 | Gauntlet | Identified the ring "Xos Ischad" {rElec Will+}
 19227 | Gauntlet | Noticed a shadow dragon
 19232 | Gauntlet | Noticed a fire giant
 19232 | Gauntlet | a shadow dragon changed into a fire giant
 19346 | Gauntlet | Noticed a minotaur
 19352 | Gauntlet | Killed a minotaur
 19362 | Gauntlet | Identified the ring of the Enchanting Gods {+Blink EV+4}
 19363 | Gauntlet | Got the Parchment of the Grisly Pyromaniac
 20787 | Lair:5   | Identified the +7 chain mail of the Orb Guardian {Rampage
                  | Will+ Int+2}
 20997 | Lair:5   | Gained mutation: You have a moderately thin skeletal
                  | structure. (Dex +4, Stealth++) [demonic ancestry]
 20997 | Lair:5   | Reached XP level 14. HP: 109/109 MP: 13/17
 21059 | Lair:5   | Found a viscous altar of Jiyva.
 21259 | Lair:5   | Identified the +0 battleaxe "Avvial" {vorpal, rN+ Int+4
                  | Dex+3}
 21703 | D:9      | Reached skill level 15 in Unarmed Combat
 22490 | D:11     | Reached skill level 5 in Hexes
 22879 | D:11     | Noticed Lodul
 22883 | D:11     | Killed Lodul
 24149 | D:12     | Noticed Erolcha
 25292 | Orc:1    | Entered Level 1 of the Orcish Mines
 25873 | Orc:1    | Found Kuvux Fyos's Antique Weapon Shop.
 25905 | Orc:2    | Entered Level 2 of the Orcish Mines
 25921 | Orc:2    | Noticed Azrael
 26028 | Orc:2    | Noticed Snorg
 26065 | Orc:1    | Killed Snorg
 26275 | Orc:2    | Found a staircase to the Elven Halls.
 26941 | D:13     | Found Socleorr's Magic Scroll Emporium.
 26961 | D:13     | Bought a scroll of identify for 28 gold pieces
 26961 | D:13     | Bought a scroll of identify for 28 gold pieces
 26961 | D:13     | Bought 2 scrolls of identify for 56 gold pieces
 26963 | D:13     | Identified a scroll of acquirement
 26966 | D:13     | Bought a scroll of identify for 28 gold pieces
 26966 | D:13     | Bought a scroll of identify for 28 gold pieces
 27666 | D:13     | Noticed Sonja
 28079 | D:13     | Reached skill level 5 in Stealth
 28630 | Lair:2   | Reached skill level 10 in Fighting
 28670 | Lair:2   | Reached skill level 1 in Armour
 28808 | Lair:2   | Found a staircase to the Swamp.
 29403 | Swamp:1  | Entered Level 1 of the Swamp
 30337 | Swamp:1  | Acquired the +1 pair of gloves "Busen" {Will+++}
 30829 | Swamp:1  | Gained mutation: You sometimes emit foul miasma when
                  | damaged in melee. [demonic ancestry]
 30829 | Swamp:1  | Reached XP level 15. HP: 117/117 MP: 18/18
 31533 | Swamp:1  | Reached skill level 5 in Armour
 32793 | Swamp:2  | You fall into a shaft and drop 1 floor!
 33243 | Swamp:2  | Noticed a thorn hunter
 33604 | Swamp:2  | Noticed a fenstrider witch
 33622 | Swamp:2  | Killed a fenstrider witch
 34144 | Swamp:2  | Identified the +1 cloak of the Illusory Mouths {rPois
                  | Str+2}
 35038 | Swamp:2  | Killed a thorn hunter
 35716 | Swamp:4  | Entered Level 4 of the Swamp
 36815 | Swamp:3  | Gained mutation: A meltable icy envelope protects you from
                  | harm. (AC +0) [demonic ancestry]
 36815 | Swamp:3  | Reached XP level 16. HP: 120/128 MP: 21/21
 38240 | Swamp:4  | Noticed Aizul
 38255 | Swamp:4  | Killed Aizul
 38559 | Swamp:4  | Got a decaying rune of Zot
 39456 | Orc:2    | Killed Azrael
 40314 | Orc:2    | Noticed Donald
 40331 | Orc:2    | Killed Donald
 40476 | Orc:2    | Found Uwkejiom's Assorted Antiques.
 40476 | Orc:2    | Found Ycosi's Weapon Shop.
 40476 | Orc:2    | Found Wiejam's Book Boutique.
 40770 | Orc:2    | Found Yblewiol's General Store.
 41304 | Orc:2    | Bought a book of Transfigurations for 480 gold pieces
 41780 | D:13     | Bought a scroll of blinking for 105 gold pieces
 41780 | D:13     | Bought a scroll of blinking for 105 gold pieces
 41789 | D:13     | Learned a level 5 spell: Irradiate
 42038 | D:5      | Found a stormy altar of Qazlal.
 42111 | D:5      | Killed Menkaure
 42463 | D:5      | Killed Blork the orc
 42492 | D:5      | Found a runed translucent gate.
 42493 | D:5      | Found a runed translucent gate.
 42493 | D:5      | Found an opulent altar of Gozag.
 42494 | D:5      | Found a runed translucent gate.
 42497 | D:5      | Noticed sigtrap's ghost (amateur SpHu)
 42559 | D:5      | Reached skill level 1 in Conjurations
 42562 | D:5      | Killed sigtrap's ghost
 42700 | D:2      | Killed Crazy Yiuf
 43012 | D:12     | Killed Erolcha
 43207 | D:13     | Killed Sonja
 44597 | D:14     | Noticed Josephine
 44624 | D:14     | Killed Josephine
 45394 | D:14     | Reached skill level 10 in Transmutations
 45762 | D:14     | Found a gate to the Vaults.
 45895 | D:14     | Learned a level 5 spell: Blade Hands
 45897 | D:15     | Entered Level 15 of the Dungeon
 45932 | D:15     | Found a frozen archway.
 45939 | D:15     | Reached XP level 17. HP: 135/138 MP: 16/22
 46022 | IceCv    | Entered an ice cave
 46100 | IceCv    | Identified the +3 rapier "Uceif" {elec, rF+ rC+ Dex+2}
 46494 | IceCv    | Identified the +4 glaive "Rad Fech" {vorpal, Will+ Int+2
                  | Dex+4}
 46831 | D:15     | Got the Cyclopedia of Reshaped Combustion
 47163 | D:15     | Found a staircase to the Depths.
 48221 | Spider:1 | Entered Level 1 of the Spider Nest
 48285 | Spider:1 | Reached skill level 1 in Evocations
 48286 | Spider:1 | Noticed Asterion
 48687 | Spider:1 | Gained mutation: Your body sometimes deteriorates upon
                  | taking damage. [a cacodemon]
 48691 | Lair:3   | Killed Asterion
 48758 | Spider:1 | Noticed Rupert
 48768 | Spider:1 | Killed Rupert
 49795 | Spider:1 | Noticed Nikola
 49818 | Spider:1 | Killed Nikola
 50627 | Spider:2 | Reached skill level 5 in Evocations
 51595 | Spider:2 | Reached skill level 1 in Shields
 51974 | Spider:3 | Noticed Roxanne
 51990 | Spider:3 | Reached XP level 18. HP: 124/147 MP: 18/23
 52734 | Spider:3 | Killed Roxanne
 52758 | Spider:3 | Learned a level 4 spell: Passage of Golubria
 52948 | Spider:4 | Entered Level 4 of the Spider Nest
 52957 | Spider:4 | Reached skill level 5 in Shields
 53227 | Spider:4 | Reached skill level 5 in Spellcasting
 53614 | Spider:3 | Learned a level 6 spell: Statue Form
 53873 | Spider:4 | Reached skill level 1 in Translocations
 53873 | Spider:4 | Reached skill level 1 in Earth Magic
 56000 | Spider:4 | Reached skill level 5 in Earth Magic
 57183 | Spider:4 | Got a gossamer rune of Zot
 57692 | Elf:1    | Entered Level 1 of the Elven Halls
 58770 | Elf:1    | Got the Quarto of the Throng
 58877 | Elf:1    | Found Vysow's General Store.
 59631 | Elf:1    | Found a shimmering blue altar of Sif Muna.
 61093 | Elf:2    | Gained mutation: Your presence sometimes corrodes those you
                  | injure. [demonic ancestry]
 61093 | Elf:2    | Reached XP level 19. HP: 154/154 MP: 21/26
 61425 | Elf:2    | Found a runed translucent gate.
 61425 | Elf:2    | Found a runed translucent gate.
 61425 | Elf:2    | Found a runed translucent gate.
 61863 | Elf:3    | Entered Level 3 of the Elven Halls
 62061 | Elf:3    | Acquired the +1 cloak of Hacir {+Inv rN+ Dex+4}
 62094 | Elf:3    | Reached skill level 15 in Fighting
 63505 | Elf:3    | Identified the +9 battleaxe "Kysuawni" {protect, Int+2}
 63505 | Elf:3    | Identified the ring of the Bursted God {rC+ rCorr Slay+2}
 63518 | Elf:3    | Identified the amulet "Dofoxug" {Spirit rF+ Dex+3 Stlth+}
 63889 | Elf:3    | Identified the +9 war axe of Reipn {vamp, rC+}
 63980 | Elf:3    | Gained mutation: You are clumsy. (Dex -2) [a neqoxec]
 64000 | Elf:3    | Noticed a Tzitzimitl
 64001 | Elf:3    | Noticed a Tzitzimitl
 64397 | Elf:3    | Noticed a Brimstone Fiend
 64590 | Elf:3    | Noticed a Brimstone Fiend
 64770 | Elf:3    | Identified the ring "Laubem" {Will+ Str+4 Dex+4}
 66110 | Elf:3    | Found the +3 greatsling "Punk" {acid, rCorr}
 66123 | Elf:3    | Identified the +2 helmet of Hangman {Rampage *Corrode Dex-5
                  | Slay+4}
 66217 | Elf:3    | Identified the +5 arbalest of the Unspeakable One {freeze,
                  | rCorr}
 66222 | Elf:3    | Got the Lessons on the Quarry
 66226 | Elf:3    | Got the Compilation of Inference
 66233 | Elf:3    | Got Kemaxzo's Compilation of Shapes
 66293 | Elf:3    | Identified the +0 scale mail "Fuoggumm" {rC++ rN+ Str-4}
 66590 | Depths:1 | Entered Level 1 of the Depths
 66940 | Depths:1 | Identified the +1 scale mail of Gluttony {Dex+4}
 66958 | Depths:1 | Found a gateway to Hell.
 67116 | Depths:1 | Found Azoluyc's Book Emporium.
 67120 | Depths:1 | Bought an Inescapable Atlas for 408 gold pieces
 67126 | Depths:1 | Learned a level 5 spell: Manifold Assault
 67597 | Depths:1 | Found Biwiuha Timp's Book Shoppe.
 67690 | Depths:1 | Reached skill level 5 in Translocations
 68595 | Depths:1 | Found a runed translucent gate.
 68595 | Depths:1 | Found a runed translucent gate.
 68595 | Depths:1 | Found a runed translucent gate.
 68616 | Depths:1 | Reached XP level 20. HP: 131/163 MP: 31/31
 68751 | Depths:1 | Found a runed translucent door.
 68759 | Depths:1 | Identified the +0 quarterstaff "Spiderbane" {venom, Int+3}
 68847 | Depths:1 | Found a one-way gate leading to the halls of Pandemonium.
 69989 | Depths:2 | Found a one-way gateway to a ziggurat.
 71914 | Depths:2 | Learned a level 7 spell: Dragon Form
 72713 | Depths:2 | Identified the +6 war axe of Valour {vorpal, *Rage rPois
                  | Will+++ Dex-3}
 73790 | Depths:2 | Found Puqulep's Assorted Antiques.
 73796 | Depths:2 | Found Qarat's Book Emporium.
 74121 | Depths:3 | Noticed a juggernaut
 74557 | Depths:3 | Noticed Jory
 74867 | Depths:3 | Noticed a caustic shrike
 75074 | Vaults:1 | Entered Level 1 of the Vaults
 75302 | Vaults:1 | Reached skill level 10 in Translocations
 77176 | Vaults:1 | Reached XP level 21. HP: 155/171 MP: 33/33
 79549 | Vaults:2 | Found a bloodstained altar of Trog.
 79549 | Vaults:2 | Found the necklace of Bloodlust {*Rage Will++ Int-3 Slay+6}
 81892 | Vaults:2 | Found a staircase to the Crypt.
 82677 | Vaults:2 | Found a transporter.
 82734 | Vaults:2 | Found a transporter.
 82756 | Vaults:2 | Gained mutation: You are very clumsy. (Dex -4) [mutagenic
                  | glow]
 82758 | Vaults:2 | Found a runed translucent door.
 82788 | Vaults:2 | Identified the +0 chain mail of Feogus {Harm Rampage}
 83484 | Vaults:3 | Reached skill level 10 in Shields
 83528 | Vaults:3 | Found a flickering gateway to a bazaar.
 83533 | Bazaar   | Entered a bazaar
 83533 | Bazaar   | Found Ruuggiva's Distillery.
 83643 | Bazaar   | Bought a potion of haste for 100 gold pieces
 83643 | Bazaar   | Bought a potion of cancellation for 80 gold pieces
 83643 | Bazaar   | Found Hob Peeg's Antique Weapon Boutique.
 83663 | Bazaar   | Found Ustuanosm's Book Boutique.
 83668 | Bazaar   | Found Netim's Book Boutique.
 83674 | Bazaar   | Found Ynantes's Weapon Shoppe.
 83708 | Bazaar   | Bought a book of the Warp for 384 gold pieces
 83713 | Bazaar   | Bought the Parchment of Shifting for 288 gold pieces
 84037 | Vaults:3 | Gained mutation: Armour fits poorly on your strangely
                  | shaped body. [mutagenic glow]
 84136 | Vaults:3 | Reached skill level 1 in Summonings
 86500 | Depths:1 | Reached XP level 22. HP: 180/180 MP: 12/34
 86653 | Depths:1 | Identified the +1 plate armour of Indemnity {+Blink Dex+5
                  | Stlth+}
 90044 | Vaults:4 | Reached skill level 5 in Summonings
 90690 | Vaults:4 | Learned a level 3 spell: Lesser Beckoning
 91991 | Vaults:4 | Reached skill level 10 in Spellcasting
 93040 | Lair:5   | Found a staircase to the Slime Pits.
 93221 | Slime:1  | Entered Level 1 of the Pits of Slime
 94855 | Slime:2  | Gained mutation: You are dopey. (Int -2) [a shining eye]
 95264 | Slime:3  | Reached skill level 15 in Transmutations
 95776 | Slime:3  | Paralysed by a floating eye for 2 turns
 95807 | Slime:3  | Paralysed by a great orb of eyes for 3 turns
 97582 | Slime:5  | Entered Level 5 of the Pits of Slime
 97729 | Slime:4  | Gained mutation: Your presence sometimes corrodes or
                  | deforms those you injure. [demonic ancestry]
 97729 | Slime:4  | Reached XP level 23. HP: 161/189 MP: 34/37
 99128 | Slime:4  | Lost mutation: You are very clumsy. (Dex -4) [a shining
                  | eye]
 99144 | Slime:4  | Gained mutation: You are frail. (-10% HP) [a shining eye]
 99257 | Slime:5  | Noticed the Royal Jelly
100445 | Slime:5  | Killed the Royal Jelly
100883 | Slime:5  | Identified the ring "Rof Qen" {MP+9 Dex+6}
100885 | Slime:5  | Identified the ring of Geoneq {Fly rElec rC+ Int+2}
100911 | Slime:5  | Got the Volume of the Squall
100921 | Slime:5  | Got a slimy rune of Zot
100978 | Slime:5  | Identified the +8 flail "Fesadyv" {speed, rF- rC+ MP+9}
100998 | Slime:5  | Identified the +1 sling of Due Proportion {freeze, rElec
                  | Str+2}
101001 | Slime:5  | Identified the +0 chain mail of Ovota {+Blink rElec rPois
                  | Int-4}
101042 | Slime:5  | Identified the +3 short sword of Waum {vorpal, rPois rN+
                  | Str+2}
102051 | Depths:2 | Killed Jory
102655 | Depths:3 | Noticed a caustic shrike
102670 | Depths:3 | Killed a caustic shrike
102672 | Depths:3 | Identified the ring of Ukhlururph {Fly rC++ MP+9 Int+6}
102704 | Depths:3 | Found a one-way gate to the infinite horrors of the Abyss.
103179 | Depths:3 | Killed a caustic shrike
103198 | Depths:3 | Noticed Margery
103208 | Depths:3 | Killed Margery
103809 | Depths:3 | Killed a juggernaut
104278 | Depths:3 | Found Fez Caps's Distillery.
104678 | Depths:4 | Entered Level 4 of the Depths
105404 | Depths:4 | Noticed Saint Roka
105446 | Depths:4 | Killed Saint Roka
105447 | Depths:4 | Reached skill level 10 in Summonings
105556 | Depths:4 | Identified the +3 halberd of Manwa {vorpal, +Blink rC-
                  | rCorr}
106167 | Depths:4 | Found an ornate altar of the Wu Jian Council.
106383 | Depths:4 | Learned a level 7 spell: Malign Gateway
106787 | Depths:4 | Found a gate to the Realm of Zot.
107229 | Depths:4 | Gained mutation: You frequently emit foul miasma when
                  | damaged in melee. [demonic ancestry]
107229 | Depths:4 | Reached XP level 24. HP: 145/179 MP: 30/39
107653 | Zot:1    | Entered Level 1 of the Realm of Zot
107683 | Zot:1    | HP: 8/180 [green draconian monk (21)]
107683 | Zot:1    | Slain by a green draconian monk

Illustrated notes

Levels and vault maps discovered:
D:1:      ebering_trefoil_twist, layout_loops_cross
D:2:      layout_loops_corners, basic_ecumenical_altar, uniq_crazy_yiuf_cottage
D:3:      minmay_recursive_quarters, layout_basic, grunt_gozag_statues,
          uniq_ijyb
D:4:      layout_cave_pools, serial_shops, nicolae_shop_bloodbath_and_beyond,
          uniq_robin
D:5:      layout_cave_pods, nicolae_qazlal_general_emergency, elyvilon_altar_5,
          ebering_ghost_gozag, uniq_eustachio, uniq_menkaure, uniq_blork_the_orc
D:6:      layout_basic, nicolae_overflow_crystal_walls,
          minmay_temple_entry_enclosed_plants, minmay_misc_feat_pillars,
          uniq_sigmund
D:7:      layout_basic, fedhas_altar_3, serial_glass, glass_columns_c,
          glass_columns_a, uniq_prince_ribbit1
D:8:      layout_cave_pools, nicolae_dithmenos_through_a_glass_darkly,
          dpeg_oklobed_lair, serial_rivers, chequers_serial_rivers_micro_c,
          chequers_serial_rivers_micro_b, chequers_serial_rivers_small_3,
          chequers_serial_rivers_micro_a, chequers_serial_rivers_room_a,
          chequers_serial_rivers_small_a, hangedman_decor_slide_cut
D:9:      layout_long_grid, mainiacjoe_overflow_cross_hatched, centaur_isle,
          uniq_grum
D:10:     layout_cave_pools, orc_0_dummy, grunt_ogre_cave
D:11:     layout_stronghold, uniq_lodul
D:12:     layout_basic, uniq_erolcha
D:13:     layout_cave_pools, serial_shops, shop, uniq_sonja
D:14:     layout_irregular_city, hangedman_vaults_entry_quadrant_bands,
          serial_bayou, serial_bayou_pond_c, serial_bayou_pond_d,
          serial_bayou_shore_a, serial_bayou_shore_b, serial_bayou_crossing,
          st_stairs_13, uniq_josephine
D:15:     grunt_enter_depths_hoard, layout_stronghold,
          portal_ice_cave_entry_ice_simulacra, serial_park_square1
          [serial_park_minivault_5x5_3]
Lair:1:   layout_regular_city
Lair:2:   layout_roguey, skrybe_swamp_entry_bodies, beast_lair_carwin_8
Lair:3:   layout_roguey, spider_nest_entry_a, infiniplex_staircase_pool_2
Lair:4:   layout_concentric_octagons, serial_rivers,
          chequers_serial_rivers_large_a, chequers_serial_rivers_micro_c,
          chequers_serial_rivers_micro_d, chequers_serial_rivers_marsh, pond
Lair:5:   gammafunk_lair_ancient_temple, layout_gridlike,
          minmay_slime_entry_oklob_enclosed, gauntlet_entry_generic
Swamp:1:  nicolae_swamp_flooded_prison, layout_basic_swamp,
          wheals_swamp_sinkhole, swamp_pool4
Swamp:2:  layout_basic_swamp, hangedman_swamp_pad, swamp_pool5,
          nicolae_swamp_spooky_pond
Swamp:3:  layout_basic_swamp, nicolae_swamp_trees_clearing, swamp_pool4,
          nicolae_swamp_necromancy_gone_wrong
Swamp:4:  swamp_alternative, layout_basic_swamp, uniq_aizul
Spider:1: layout_spider_delve, nicolae_spider_spiderdrome,
          hangedman_spider_tarantella_strand, uniq_rupert, uniq_nikola,
          uniq_asterion
Spider:2: layout_spider_delve
Spider:3: layout_spider_delve, uniq_roxanne
Spider:4: hellmonk_spider_rune_bug_friends
Slime:1:  layout_caves
Slime:2:  layout_caves
Slime:3:  nicolae_slime_jelly_donut, layout_caves
Slime:4:  layout_caves
Slime:5
Orc:1:    layout_caves, serial_shops, shop
Orc:2:    st_orc_mages, layout_caves, enter_volcano_4, uniq_snorg, uniq_azrael,
          uniq_donald
Elf:1:    nicolae_elf_arrival_fired_up, layout_loops_corners, serial_shops,
          nicolae_shop_hallway_stairs, mu_enter_wizlab_7, basic_altar,
          minmay_elf_demonology
Elf:2:    nicolae_elf_blades_splatter_lattice
          [nicolae_blade_entry_sentries_behind_glass], layout_geoelf_grid,
          uniq_louise
Elf:3:    minmay_elf_hall_spiked, layout_rooms
Vaults:1: nicolae_vaults_little_ls, hangedman_vaults_stagger,
          vaults_room_ringed_pool, grunt_vaults_hallway_short, v_misc_9,
          nicolae_vaults_three_branches, ontoclasm_vaults_shuriken,
          special_room_vaults [special_room_orc], layout_vaults_omnigrid
Vaults:2: vaults_room_stairs_pillars, minmay_crypt_entry_simple_statues,
          nicolae_vaults_network_periphery,
          vaults_standard_mumra_enter_the_diamond, vaults_mumra_chevron,
          v_misc_3, hangedman_vaults_nails, v_misc_11, nicolae_vaults_alarming,
          emtedronai_trogs_sanctum, nicolae_vaults_asterisk,
          ontoclasm_vaults_twist, nicolae_vaults_little_squares_6,
          grunt_vaults_hallway_short, v_misc_25, vaults_room_pools,
          layout_vaults_maze
Vaults:3: vaults_room_grid, v_misc_5, kb_rosetta, v_misc_4, v_misc_32, v_misc_2,
          v_alt_pattern_4, nicolae_vaults_border_crossing, serial_ice_m,
          nicolae_vaults_asterisk, layout_vaults_ring, serial_shops,
          bzr_entry_dummy
Vaults:4: nicolae_vaults_little_squares_3, nicolae_vaults_diagonal_hallway_9,
          nicolae_vaults_yaktaur_gun_rack, v_misc_3, vaults_dpeg_hooks,
          v_rooms_3, ontoclasm_vaults_shout, vaults_standard_mumra_x,
          grunt_vaults_funnel, v_misc_12, layout_vaults_omnicross
Depths:1: layout_forbidden_donut, grunt_pan_entry_zigzag,
          serial_sigils_hangedman_leer, hell_entry, serial_shops,
          kennysheep_mini, nicolae_lava_and_water, drop_trap, minmay_st_funbox,
          pandoras_box_mu, minmay_shop_star, serial_bayou_shore_b
Depths:2: wad_lake_hut, layout_basic, ziggurat_fallback, rand_demon_pan_entry_9,
          infiniplex_staircase_door_maze, hell_entry, grunt_megastairs_3,
          minmay_shoptagon
Depths:3: nzn_winding_woodlands_small [nzn_winding_woodlands_5x15_parted,
          nzn_winding_woodlands_center_garden,
          nzn_winding_woodlands_5x15_split_checker], layout_cave_pools,
          serial_shops, shop, abyss_entry, tso_altar, pf_hell_entry_tar_spiral,
          hangedman_decor_riveting, minmay_staircase_statues_hall_small,
          uniq_jory, uniq_grunn, uniq_margery
Depths:4: evilmike_zot_entry_gauntlet, layout_gridlike, serial_rivers,
          chequers_serial_rivers_micro_c, chequers_serial_rivers_micro_b,
          chequers_serial_rivers_small_a, chequers_serial_rivers_large_b,
          chequers_serial_rivers_small_a, pan_entry, hell_entry,
          nicolae_wu_jian_glorious_leap, uniq_saint_roka, uniq_josephina
Zot:1:    layout_cathedral_of_symmetry

Skill      XL: |  1  2  3  4  5  6  7  8  9 10 11 12 13 14 15 16 17 18 19 20 21 22 23 24 |
---------------+-------------------------------------------------------------------------+-----
Dodging        | 2 3 8 10 11 12 13 14 | 14.7
Transmutations | 2 3 4 5 7 8 9 10 12 13 14 15 16 | 16.3
Unarmed Combat | 3 4 7 8 10 11 12 13 14 15 16 18 | 18.0
Ice Magic      | 3 4 |  4.6
Fighting       | 3 6 7 8 9 10 12 13 14 15 16 17 18 | 18.8
Stealth        | 2 5 |  5.0
Hexes          | 4 6 |  6.7
Armour         | 3 6 |  6.0
Spellcasting   | 3 5 7 8 10 12 | 12.2
Conjurations   | 4 |  4.5
Evocations     | 5 |  5.1
Shields        | 3 5 10 | 10.0
Translocations | 2 5 10 12 | 12.3
Earth Magic    | 7 8 |  8.7
Summonings     | 3 7 10 11 | 11.0

Action                   |  1- 3 |  4- 6 |  7- 9 | 10-12 | 13-15 | 16-18 | 19-21 | 22-24 || total
-------------------------+-------+-------+-------+-------+-------+-------+-------+-------++-------
Melee: Unarmed           |    96 |   170 |   233 |   506 |  1187 |  1448 |  1562 |  1245 ||  6447
       Kick              |    11 |    34 |    43 |       |       |       |       |       ||    88
       Headbutt          |     9 |    22 |    38 |    14 |   221 |   394 |   498 |   339 ||  1535
       Punch             |     1 |     3 |    10 |     2 |    97 |   171 |    91 |    71 ||   446
       Tailslap          |       |       |       |       |       |       |     7 |     6 ||    13
       Bite              |       |       |       |       |       |       |     3 |     3 ||     6
Throw: Dart              |       |       |     4 |       |     1 |     1 |       |       ||     6
       Javelin           |       |       |       |       |     7 |     4 |       |     7 ||    18
       Throwing net      |       |       |       |       |     1 |       |       |       ||     1
 Cast: Beastly Appendage |    24 |    26 |    22 |       |       |       |       |       ||    72
       Wereblood         |     3 |    10 |     9 |    15 |    15 |     7 |       |     1 ||    60
       Ice Form          |       |       |     8 |    48 |    60 |       |       |       ||   116
       Yara's Violent Un |       |       |       |       |     1 |     7 |    33 |     1 ||    42
       Irradiate         |       |       |       |       |       |     7 |     2 |     3 ||    12
       Blade Hands       |       |       |       |       |       |    67 |    56 |    63 ||   186
       Statue Form       |       |       |       |       |       |    10 |    18 |     4 ||    32
       Passage of Golubr |       |       |       |       |       |       |     3 |       ||     3
       Manifold Assault  |       |       |       |       |       |       |    19 |   131 ||   150
       Dragon Form       |       |       |       |       |       |       |     9 |     5 ||    14
       Lesser Beckoning  |       |       |       |       |       |       |       |    21 ||    21
       Malign Gateway    |       |       |       |       |       |       |       |     5 ||     5
Invok: Potion Petition   |       |       |     2 |     1 |     4 |     4 |     8 |     3 ||    22
 Abil: Breathe Fire      |       |       |       |       |       |       |     3 |     3 ||     6
       End Transformatio |       |       |       |       |       |       |     3 |     1 ||     4
Evoke: Wand              |       |       |    10 |     4 |    18 |     6 |     6 |     2 ||    46
       Tin of tremorston |       |       |       |       |       |       |     1 |       ||     1
       Condenser vane    |       |       |       |       |       |       |     1 |       ||     1
       Lightning rod     |       |       |       |       |       |       |       |     3 ||     3
  Use: Scroll            |     4 |     1 |     6 |     7 |    16 |     4 |     4 |     3 ||    45
       Potion            |       |     4 |       |     2 |     5 |     2 |     7 |     6 ||    26
 Stab: Sleeping          |     2 |     1 |     1 |       |     5 |     9 |     9 |     6 ||    33
       Distracted        |       |     2 |     1 |     1 |    11 |    13 |    26 |    11 ||    65
       Invisible         |       |       |       |       |       |    16 |     8 |     1 ||    25
Armor: Robe              |    22 |     2 |    30 |     8 |    24 |   229 |   102 |       ||   417
       Leather armour    |       |    33 |       |       |       |     8 |       |       ||    41
       Skin              |       |    11 |    12 |   112 |    71 |    29 |   108 |    40 ||   383
       Chain mail        |       |       |       |       |   311 |   210 |       |       ||   521
       Ring mail         |       |       |       |       |       |       |   146 |   186 ||   332
Dodge: Dodged            |    72 |   117 |   118 |   268 |   567 |   942 |   677 |   508 ||  3269
Block: Other             |       |    15 |    37 |   102 |   354 |   397 |   139 |    61 ||  1105
       Reflection        |       |       |       |     1 |    17 |    17 |    33 |    16 ||    84
       Buckler           |       |       |       |       |       |   172 |   324 |       ||   496
       Kite shield       |       |       |       |       |       |       |   274 |   244 ||   518
